 Dungeon Crawl Stone Soup version 0.23-b1-3-gdda8187c6f (webtiles) character file.

Game seed: 3942380015894996678

22 MrBoozer the Magician (level 2, 0/17 HPs)
             Began as an Octopode Wizard on Jan 31, 2019.
             Slain by a worm (9 damage)
             ... on level 2 of the Dungeon.
             The game lasted 00:06:03 (622 turns).

MrBoozer the Magician (Octopode Wizard)              Turns: 622, Time: 00:06:04

Health: 0/17       AC:  1    Str:  6    XL:     2   Next: 91%
Magic:  3/6        EV: 13    Int: 20    God:
Gold:   75         SH:  0    Dex: 10    Spells: 7/8 levels left

rFire    . . .     SeeInvis .   e - +0 club
rCold    . . .     Gourm    .   (no shield)
rNeg     . . .     Faith    .   a - +0 hat
rPois    .         Spirit   .   (no amulet)
rElec    .         Reflect  .   (no ring)
rCorr    .         Harm     .   (no ring)
MR       .....                  (no ring)
Stlth    +++.......             (no ring)
HPRegen  0.05/turn              (no ring)
MPRegen  0.10/turn              (no ring)
                                (no ring)
                                (no ring)

@: no status effects
A: almost no armour, stealthy swim, amphibious, 8 rings, constrict 8, camouflage
1, gelatinous body 1
a: no special abilities


You were on level 2 of the Dungeon.
You were not hungry.

You visited 1 branch of the dungeon, and saw 2 of its levels.

You collected 75 gold pieces.

Inventory:

Hand Weapons
 e - a +0 club (weapon)
Armour
 a - a +0 hat (worn)
 g - a +0 robe
Jewellery
 f - a +5 ring of strength {unknown}
Scrolls
 b - a scroll of fear {unknown}
 h - 2 scrolls of remove curse {unknown}
 i - 2 scrolls of identify {unknown}
 j - 2 scrolls of teleportation {unknown}
Potions
 d - a potion of degeneration {unknown}
 k - a potion of lignification {unknown}
Comestibles
 c - 2 rations


   Skills:
 - Level 2.0 Dodging
 - Level 2.9 Stealth
 + Level 3.8 Spellcasting
 - Level 1.0 Conjurations
   Level 1.0 Summonings
   Level 1.0 Translocations


You had 7 spell levels left.
You knew the following spells:

 Your Spells              Type           Power        Failure   Level  Hunger
a - Magic Dart            Conj           #...         9%          1    None

Your spell library contained the following spells:

 Spells                   Type           Power        Failure   Level  Hunger
 Blink                    Tloc           N/A          13%         2    ##.....
 Call Imp                 Summ           #.......     13%         2    ##.....
 Slow                     Hex            #.......     21%         2    ##.....
 Conjure Flame            Conj/Fire      #.......     32%         3    ###....
 Mephitic Cloud           Conj/Pois/Air  #.......     34%         3    ###....


Dungeon Overview and Level Annotations

Branches:
Dungeon (2/15)

Altars:


Innate Abilities, Weirdness & Mutations

You cannot wear most types of armour.
You are very stealthy in the water. (Stealth+)
You are amphibious.
You can wear up to eight rings at the same time.
You can use your tentacles to constrict eight enemies at once.
Your skin changes colour to match your surroundings (Stealth+).
Your rubbery body absorbs attacks. (AC +1, EV +1)


Message History

Aiming: Magic Dart (safe; 9% risk of failure)
Press: ? - help, Shift-Dir - straight line, f/p - worm
Aim: a worm (lightly wounded)
The magic dart hits the worm.
The worm is moderately wounded.
Casting: Magic Dart (safe; 9% risk of failure)
Confirm with . or Enter, or press ? or * to list all spells.
Aiming: Magic Dart (safe; 9% risk of failure)
Press: ? - help, Shift-Dir - straight line, f/p - worm
Aim: a worm (lightly wounded)
The magic dart hits the worm but does no damage.
The worm is lightly wounded.
You see here a cabochon ring.
f - a cabochon ring
There is a stone staircase leading up here.
You see here a murky red potion.
k - a murky red potion The worm bites you!
Ouch! That really hurt!
You die...

#...............#
#...............#
#...............#
#.....)).....?..#
####...............#
#.....<............#
#....########.######
#.w..# #.# #..@.#
#.# ###### #.# #.#
#.. ##.


You could see a worm.

Vanquished Creatures
  A dart slug (D:1)
  A bat (D:1)
  6 giant cockroaches (D:1)
  2 goblins
  3 hobgoblins
  A frilled lizard (D:1)
  3 rats (D:1)
17 creatures vanquished.

Notes
Turn   | Place    | Note
-------+----------+-------------------------------------------
     0 | D:1      | MrBoozer the Octopode Wizard began the quest for the Orb.
     0 | D:1      | Reached XP level 1. HP: 11/11 MP: 4/4
   139 | D:1      | Reached XP level 2. HP: 9/17 MP: 0/6
   622 | D:2      | Slain by a worm

Action                   || total
-------------------------++-------
Melee: Unarmed           ||     9
       Constrict         ||     7
       Tentacles         ||     1
       Club              ||    13
 Cast: Magic Dart        ||    37
Armor: Skin              ||     1
Dodge: Dodged            ||    16
